 Dungeon Crawl Stone Soup version 0.19-a0-1922-g1e9a4c1 (webtiles) character file.

626785 mrath the Shatterer (level 27, -15/251 HPs)
             Began as a Minotaur Fighter on Oct 14, 2016.
             Was a High Priest of Okawaru.
             Killed by the air
             ... invoked by a titan
              (40 damage)
             ... on level 1 of the Realm of Zot on Oct 25, 2016.
             The game lasted 10:09:19 (75650 turns).

mrath the Shatterer (Minotaur Fighter)             Turns: 75650, Time: 10:09:22

Health: -15/251    AC: 40    Str: 30    XL:     27
Magic:  34/34      EV: 33    Int:  5    God:    Okawaru [*****.]
Gold:   2382       SH: 28    Dex: 17    Spells: 0 memorised, 26 levels left

rFire  + . .     SeeInvis .     F - +10 morningstar "Eos" {elec, Halo rElec}
rCold  + . .     Gourm    .     S - +9 plate armour "Rimu Hat" {MR+}
rNeg   + + .     Faith    .     k - +0 large shield {reflect}
rPois  +         Spirit   .     E - -2 hat of the Alchemist {rElec rPois rF+ rC+ rN+ MR+ rMut rCorr}
rElec  +         Reflect  +     o - +1 cloak {MR+}
rCorr  +         Harm     .     a - +2 pair of gloves {Dex+3}
rMut   +                        g - +2 pair of boots of the Assassin {DetectMon Stab+ Stlth++}
MR     +++++                    X - amulet "Quilit" {rN+ Regen+}
Stlth  +.........               c - ring of flight
                                f - ring of Shaolin {EV+8}

@: heroism, flying (expiring), glowing, studying Fighting
A: retaliatory headbutt, horns 2, blurry vision 1
a: Heroism, Finesse, Renounce Religion, Stop Flying
}: 3/15 runes: serpentine, barnacled, silver


You were on level 1 of the Realm of Zot.
You worshipped Okawaru.
Okawaru was extremely pleased with you.
You were hungry.

You visited 11 branches of the dungeon, and saw 47 of its levels.
You also visited: Ossuary and Desolation.

You collected 6728 gold pieces.
You spent 4346 gold pieces at shops.

Inventory:

Hand Weapons
 F - the +10 morningstar "Eos" (weapon) {elec, Halo rElec}
   (Okawaru gifted it to you on level 1 of the Shoals)

   Occasionally, upon striking a foe, it will discharge some electrical energy
   and cause terrible harm.
   It insulates you from electricity.
 K - the +5 demon whip "Spellbinder" {antimagic, MR+}
   (Okawaru gifted it to you on level 2 of the Elven Halls)

   It reduces the magical energy of the wielder, and disrupts the spells and
   magical abilities of those hit.
   Natural abilities and divine invocations are not affected.
   It affects your resistance to hostile enchantments.
Missiles
 M - 29 javelins of penetration (quivered)
 T - 11 poisoned javelins
Armour
 a - a +2 pair of gloves of dexterity (worn)
 g - the +2 pair of boots of the Assassin (worn) {DetectMon Stab+ Stlth++}
   (You bought it in a shop on level 2 of the Orcish Mines)

   It makes you much more stealthy.
 k - a +0 large shield of reflection (worn)
 o - a +1 cloak of magic resistance (worn)
 E - the -2 hat of the Alchemist (worn) {rElec rPois rF+ rC+ rN+ MR+ rMut rCorr}
   (You found it on level 4 of the Shoals)

   It protects you from fire.
   It protects you from cold.
   It insulates you from electricity.
   It protects you from poison.
   It protects you from negative energy.
   It affects your resistance to hostile enchantments.
   It protects you from acid and corrosion.
   It protects you from mutation.
 S - the +9 plate armour "Rimu Hat" (worn) {MR+}
   (You took it off a deep elf master archer on level 3 of the Elven Halls)

   It affects your resistance to hostile enchantments.
Jewellery
 c - a ring of flight (right hand)
 f - the ring of Shaolin (left hand) {EV+8}
   (You bought it in a shop on level 7 of the Dungeon)

   [ring of evasion]

   It affects your evasion (+8).
 q - an uncursed ring of see invisible
 L - the ring "Byak" {rPois rF+}
   (You found it in the Desolation of Salt)

   [ring of protection from fire]

   It protects you from fire.
   It protects you from poison.
 X - the amulet "Quilit" (around neck) {rN+ Regen+}
   (You bought it in a shop on level 7 of the Dungeon)

   [amulet of regeneration]

   It protects you from negative energy.
   It increases your rate of regeneration.
Wands
 b - a wand of disintegration (7/24)
 w - a wand of digging (8/24)
 y - a wand of lightning (11/15)
 B - a wand of iceblast (4/15)
 U - a wand of teleportation (4/9)
Scrolls
 e - 8 scrolls of identify
 i - 4 scrolls of fog
 m - 8 scrolls of blinking
 n - 13 scrolls of teleportation
 p - 4 scrolls of silence
 t - 18 scrolls of remove curse
Potions
 d - 3 potions of berserk rage
 j - 3 potions of heal wounds
 l - 4 potions of resistance
 s - 4 potions of agility
 u - 6 potions of haste
 v - 19 potions of curing
 z - 4 potions of cancellation
 D - 6 potions of might
 Z - a potion of cure mutation
Books
 R - a manual of Fighting
Miscellaneous
 x - 5 boxes of beasts
 H - a lamp of fire
 O - a phial of floods
 P - a fan of gales
Comestibles
 h - a beef jerky
 r - 41 fruits
 A - a meat ration


   Skills:
 + Level 21.4(26.4) Fighting
 + Level 21.9(26.9) Maces & Flails
 + Level 18.2(23.2) Throwing
 + Level 21.0(26.0) Armour
 + Level 19.3(24.3) Dodging
 + Level 21.1(26.1) Shields
 - Level 8.3 Invocations
 + Level 16.3 Evocations


You had 26 spell levels left.
You didn't know any spells.

Dungeon Overview and Level Annotations

Branches:
Dungeon (15/15)            Temple (1/1) D:7            Lair (6/6) D:10
 Shoals (4/4) Lair:4        Snake (4/4) Lair:3        Slime (0/5) Lair:6
    Orc (2/2) D:10            Elf (3/3) Orc:2        Vaults (5/5) D:14
  Crypt (0/3) Vaults:3     Depths (5/5) D:15           Hell (1/1)
    Dis (0/7) Hell            Geh (0/7) Hell            Coc (0/7) Hell
    Tar (0/7) Hell            Zot (1/5) Depths:5

Altars:
Ashenzari
Cheibriados
Dithmenos
Elyvilon
Fedhas
Gozag
Hepliaklqana
Kikubaaqudgha
Makhleb
Nemelex Xobeh
Okawaru
Qazlal
Ru
Sif Muna
Trog
Uskayaw
Vehumet
Xom
Yredelemnul
Zin
The Shining One
Beogh
Jiyva

Shops:
D:7 =   D:9 ?   Orc:2 [(*=   Elf:3 [?   Shoals:2 *   Shoals:3 [   Snake:1 }=}
Snake:4 ?   Vaults:1 ?   Vaults:2 (?   Vaults:4 *   Depths:4 (*

Portals:
Hell: Lair:6 Depths:1 Depths:2 Depths:3 Depths:4 Depths:5
Abyss: Depths:1 Depths:2 Depths:4 Depths:5
Pandemonium: Depths:3 Depths:4
Ziggurat: Depths:4


Innate Abilities, Weirdness & Mutations

You reflexively headbutt those who attack you in melee.
You have a pair of horns on your head.
Scrolls take you a little longer to read.


Message History

The bolt of lightning hits you! You resist.
* * * LOW HITPOINT WARNING * * *
The titan waves its arms in wide circles.
The air twists around and violently strikes you in flight!
* * * LOW HITPOINT WARNING * * *
The storm dragon bites you but does no damage.
You block the storm dragon's attack. x2; The storm dragon misses you.
You furiously retaliate!
You headbutt the storm dragon, but do no damage.
The storm dragon claws you!
* * * LOW HITPOINT WARNING * * *
The storm dragon tramples you but does no damage.
There is a huge open gate here.
You feel much better.
The titan waves its arms in wide circles.
The air twists around and violently strikes you in flight!
* * * LOW HITPOINT WARNING * * *
The titan waves its arms in wide circles.
The air twists around and violently strikes you in flight!
You die...

#.## #
##############..#################
.................................
≈≈≈≈≈≈≈≈≈≈≈≈≈≈≈≈≈≈≈≈≈≈≈≈≈≈≈≈≈≈≈≈≈
≈≈≈≈≈≈≈≈≈≈≈≈≈≈≈≈≈≈≈≈≈≈≈≈≈≈≈≈≈≈≈≈≈
#####≈≈≈≈≈≈≈≈≈≈≈≈≈≈≈≈≈≈≈≈#######≈
#≈≈≈≈≈≈≈≈≈≈≈≈≈≈≈≈≈≈≈≈#{ #≈
#≈≈≈≈≈≈≈≈≈≈≈≈≈≈≈≈≈≈≈≈# #≈
#########'''@######### #≈
.....C..DCD...... #≈
........C.C...... #≈ ##
................. ####≈ ≈#
################# #≈≈≈≈ ≈# #≈≈≈≈
≈# #≈≈≈≈ ≈# #≈≈≈≈ ≈# #≈≈≈≈


You could see 4 titans and 2 storm dragons.

Vanquished Creatures
  An ancient lich (Vaults:5)
  Mara (Depths:1)
  5 juggernauts
  Boris (Vaults:4)
  The ghost of Nattefrost the Slayer, a veteran MiBe of Trog (Depths:2)
  Bai Suzhen (Depths:2)
  Geryon (Hell)
  Nikola (Shoals:1)
  the Enchantress (Depths:4)
  5 golden dragons
  A lich (Depths:3)
  10 tentacled monstrosities
  Rupert (D:15)
  A deep elf blademaster (Elf:3)
  9 titans
  2 quicksilver dragons
  A deep elf master archer (Elf:3)
  8 sphinxes
  5 storm dragons
  7 tengu reavers
  A death cob (Zot:1)
  Ilsuiw (Shoals:4)
  Donald (Elf:1)
  9 shadow dragons
  9 nagarajas (Snake:4)
  An azure jelly (shapeshifter) (Depths:4)
  13 fire giants
  2 iron dragons
  4 frost giants
  A draconian knight (Depths:5)
  2 orc warlords
  A ghost moth (shapeshifter) (Vaults:4)
  2 imperial myrmidons (Desolation)
  A balrug (Hell)
  16 vault wardens
  7 deep elf sorcerers
  A draconian shifter (Zot:1)
  5 spriggan defenders
  5 reapers
  5 deep elf elementalists (Elf:3)
  A ghoul (Vaults:4)
  25 stone giants
  22 ironheart preservers
  3 war gargoyles
  An entropy weaver (Vaults:5)
  A draconian caller (Depths:5)
  2 grey draconians (Depths:5)
  20 very ugly things
  4 green draconians
  A vampire knight (Depths:4)
  2 black draconians (Depths:5)
  9 deep elf demonologists
  A lorocyproca (Depths:1)
  2 white draconians (Depths:5)
  A dire elephant (Lair:6)
  10 deep elf annihilators
  2 halazid warlocks (Desolation)
  A red draconian (Zot:1)
  Snorg (D:12)
  2 mottled draconians (Zot:1)
  4 spark wasps (Depths:3)
  4 crystal guardians
  5 merfolk javelineers
  A blizzard demon (Hell)
  A green death (Hell)
  14 ettins
  A minotaur (Shoals:1)
  The ghost of UnlimitedFusion the Covert, a journeyman NaFi of Okawaru (Lair:2)
  11 yaktaur captains
  8 deep elf death magi
  5 ragged hierophants (Desolation)
  7 fire dragons
  8 merfolk impalers
  14 ogre magi
  Josephine (D:13)
  7 rakshasas
  4 servants of whispers (Desolation)
  A kraken zombie (Hell)
  5 peacekeepers (Desolation)
  7 deep elf high priests
  A jiangshi (Vaults:3)
  13 ice dragons
  3 merfolk avatars
  31 vault guards
  3 spriggan air magi (Depths:4)
  9 great orbs of eyes
  A hell beast (Depths:4)
  20 naga warriors
  5 hydras
  14 centaur warriors
  A catoblepas (Lair:6)
  Erica (Lair:2)
  11 anacondas
  4 merfolk aquamancers
  41 dancing weapons
  5 death knights
  7 deep troll shamans
  3 tengu warriors
  A vampire mage (Vaults:3)
  3 satyrs
  A hell hog (shapeshifter) (Vaults:5)
  13 shock serpents
  9 deep troll earth magi
  An orc high priest (Orc:2)
  7 hell hogs
  The ghost of Torious the Destroyer, a journeyman DECj of Sif Muna (Lair:1)
  25 deep elf knights
  2 spriggan berserkers
  4 sun demons
  3 soul eaters
  A storm dragon zombie (Vaults:4)
  Sonja (Lair:3)
  10 naga sharpshooters
  16 hell knights
  2 iron golems
  3 salamander mystics
  A titan skeleton (Hell)
  A sixfirhy (Depths:3)
  3 skeletal warriors (Vaults:1)
  2 shadow wraiths
  A large abomination (Elf:3)
  An anaconda zombie (Hell)
  35 deep trolls
  A glowing orange brain (Depths:2)
  2 torturous demonspawn
  3 iron trolls
  12 sea snakes
  2 flayed ghosts
  An infernal demonspawn (Depths:3)
  8 naga ritualists
  3 unseen horrors
  7 wizards
  29 hill giants
  24 ironbrand convokers
  3 swamp dragons (Depths:5)
  A golden dragon skeleton (Depths:2)
  2 swamp dragons (shapeshifter)
  12 deep elf archers
  22 orc knights
  13 necromancers
  13 harpies
  A shadow dragon zombie (Hell)
  12 orc sorcerers
  3 phantasmal warriors
  5 wolf spiders
  79 deep elf magi
  2 wolf spider zombies (D:14)
  A tengu skeleton (Depths:1)
  31 ugly things
  15 mana vipers
  A salamander (shapeshifter) (D:15)
  11 salamanders
  32 fauns
  2 frost giant zombies (Vaults:4)
  A shining eye (shapeshifter) (Depths:4)
  A fire giant zombie (Vaults:4)
  2 human zombies
  9 cyclopes
  Joseph (D:7)
  A fire giant skeleton (Hell)
  2 moths of wrath (Zot:1)
  A black mamba (shapeshifter) (Depths:3)
  8 elephants
  10 sirens
  3 stone giant skeletons
  8 manticores
  37 black mambas
  16 guardian serpents
  12 vault sentinels
  An elephant (shapeshifter) (Depths:3)
  8 rust devils
  18 naga magi
  2 smoke demons
  3 water nymphs
  2 molten gargoyles (Orc:1)
  A torpor snail (Lair:6)
  5 gargoyles
  7 spiny frogs
  A hellion (Depths:3)
  2 orange demons (Lair:6)
  2 rime drakes
  2 kobold demonologists
  5 freezing wraiths
  A rime drake (shapeshifter) (Vaults:1)
  9 centaur skeletons
  A komodo dragon (shapeshifter) (Vaults:4)
  23 yaktaurs
  13 komodo dragons
  2 hellwings
  2 spriggan zombies
  6 ice devils
  A yaktaur skeleton (Vaults:4)
  An efreet (D:14)
  An elf skeleton (Depths:2)
  A jumping spider (Vaults:5)
  A queen bee (D:14)
  7 trolls
  2 tengu conjurers
  5 red devils
  2 polar bears
  10 hornets
  A two-headed ogre (shapeshifter) (Elf:3)
  A queen bee (shapeshifter) (Vaults:2)
  9 meliai
  A merfolk (shapeshifter) (Vaults:4)
  38 merfolk
  Grinder (D:6)
  A hydra zombie (Hell)
  5 wind drakes
  29 two-headed ogres
  11 snapping turtles
  13 slime creatures
  14 hippogriffs
  44 saltlings (Desolation)
  17 blink frogs
  A stone giant simulacrum (Vaults:4)
  13 dream sheep
  A shadow (D:14)
  44 yaks
  An air elemental (Elf:3)
  A flying skull (Vaults:3)
  2 centaur simulacra
  5 spriggans (Depths:4)
  11 wraiths
  19 water elementals
  A spriggan (shapeshifter) (Vaults:3)
  A basilisk (Lair:2)
  A tarantella (Vaults:5)
  4 wyverns
  2 vampires (D:10)
  6 fire elementals
  2 redbacks
  Eustachio (D:6)
  2 ettin skeletons
  A hog (shapeshifter) (Vaults:2)
  2 hogs (D:10)
  A human (D:10)
  A golden eye (shapeshifter) (Depths:1)
  A yaktaur simulacrum (Vaults:1)
  2 vampire mosquitoes (D:12)
  Menkaure (D:6)
  2 mottled dragons
  2 neqoxecs
  A swamp worm (shapeshifter) (Depths:4)
  17 wargs
  A warg (shapeshifter) (Vaults:4)
  An ogre zombie (Vaults:1)
  2 spiny frog zombies (Hell)
  21 water moccasins
  Duvessa (D:6)
  A deep troll skeleton (Vaults:1)
  56 nagas
  14 hell hounds
  65 orc warriors
  4 sky beasts
  A hell hound (shapeshifter) (Vaults:5)
  5 porcupines
  3 black bears
  A spiny frog skeleton (Hell)
  3 alligator simulacra (Hell)
  9 ice beasts
  2 necrophages
  An ettin simulacrum (Vaults:1)
  4 phantoms
  A snapping turtle zombie (Hell)
  2 eyes of draining
  10 wolves
  20 boggarts
  63 ogres
  19 centaurs
  2 elf simulacra (Vaults:5)
  17 crocodiles
  5 big kobolds
  27 bullfrogs
  3 elf zombies (Ossuary)
  A wyvern zombie (D:13)
  A gnoll sergeant (D:5)
  Dowan (D:6)
  2 earth elementals (Elf:2)
  A glowing shapeshifter simulacrum (Vaults:1)
  2 scorpions
  A wyvern skeleton (D:13)
  A water moccasin skeleton (D:8)
  36 killer bees
  6 howler monkeys
  3 electric eels
  15 crimson imps
  4 bullfrog zombies
  8 centaur zombies
  4 jellies
  2 quasits
  28 orc priests
  29 orc wizards
  2 human simulacra
  10 hounds
  4 bullfrog skeletons
  An iron imp (Depths:3)
  4 iguanas
  Terence (D:3)
  7 hell rats
  12 worker ants
  A big kobold zombie (Ossuary)
  3 hound skeletons
  3 mummies
  A worker ant zombie (D:5)
  7 gnolls
  19 adders
  2 river rats (Lair:6)
  8 shadow imps
  A white imp (Depths:3)
  2 ufetubi (Depths:3)
  4 oozes
  2 adder zombies
  5 adder skeletons
  2 worms (D:2)
  4 dart slugs (D:1)
  5 leopard geckos
  105 orcs
  11 ball pythons
  8 giant cockroaches
  5 goblins
  12 hobgoblins
  4 jackals (D:6)
  7 kobolds
  A quokka (D:3)
  A ball python (shapeshifter) (D:14)
  5 bats
  6 frilled lizards
  2 goblin zombies
  14 hobgoblin zombies (Ossuary)
  2 jackal zombies
  12 kobold zombies
  2 orc zombies (Ossuary)
  5 rats
  2 rat zombies (Ossuary)
  A fungus (Lair:5)
  19 plants
  2 tentacles (Hell)
2481 creatures vanquished.

Vanquished Creatures (collateral kills)
  A sphinx (Vaults:5)
  A spriggan defender (Depths:4)
  A deep elf mage (Elf:3)
  A hornet (Depths:4)
  3 spriggans (Depths:4)
7 creatures vanquished.

Vanquished Creatures (others)
  3 stone giants
  3 merfolk javelineers (Shoals:4)
  A deep elf death mage (Elf:3)
  3 yaktaur captains
  A centaur warrior (Depths:2)
  2 satyrs
  A mana viper (Snake:4)
  8 yaktaurs
  A snapping turtle (Shoals:1)
  A naga (Snake:4)
  An orc warrior (Vaults:4)
  A boggart (Depths:1)
  2 centaurs
  A crimson imp (Depths:3)
  An orc wizard (D:13)
  An ufetubus (Depths:3)
  4 orcs
  16 fungi
  22 plants
  7 tentacles (Hell)
80 creatures vanquished.

Grand Total: 2568 creatures vanquished

Notes
Turn   | Place    | Note
-------+----------+-------------------------------------------
     0 | D:1      | mrath the Minotaur Fighter began the quest for the Orb.
     0 | D:1      | Reached XP level 1. HP: 19/19 MP: 0/0
   105 | D:1      | Reached XP level 2. HP: 19/26 MP: 1/1
   369 | D:1      | Reached XP level 3. HP: 31/31 MP: 2/2
  1423 | D:2      | Reached skill level 5 in Maces & Flails
  1565 | D:3      | Reached XP level 4. HP: 39/39 MP: 3/3
  1841 | D:3      | Noticed Terence
  1856 | D:3      | Killed Terence
  2011 | D:3      | Reached XP level 5. HP: 44/45 MP: 4/4
  2408 | D:3      | Noticed an ogre
  2413 | D:3      | Killed an ogre
  2413 | D:3      | Reached skill level 1 in Throwing
  2413 | D:3      | Reached skill level 1 in Dodging
  2413 | D:3      | Reached XP level 6. HP: 49/52 MP: 5/5
  3660 | D:5      | Entered Level 5 of the Dungeon
  3931 | D:5      | Found a sand-covered staircase.
  3997 | Ossuary  | Entered an ossuary
  4014 | Ossuary  | Reached XP level 7. HP: 60/60 MP: 6/6
  4219 | Ossuary  | Reached skill level 5 in Fighting
  4467 | D:5      | Reached skill level 5 in Shields
  4484 | D:5      | Reached skill level 5 in Armour
  4635 | D:5      | Reached XP level 8. HP: 64/69 MP: 7/7
  5205 | D:6      | Noticed Menkaure
  5213 | D:6      | Killed Menkaure
  5431 | D:6      | Noticed Eustachio
  5482 | D:6      | Killed Eustachio
  5590 | D:6      | Noticed Duvessa
  5590 | D:6      | Noticed Dowan
  5615 | D:6      | Killed Duvessa
  5615 | D:6      | Reached XP level 9. HP: 56/78 MP: 8/8
  5620 | D:6      | Killed Dowan
  5905 | D:6      | Noticed Grinder
  5920 | D:6      | Paralysed by Grinder for 2 turns
  5922 | D:6      | Killed Grinder
  5925 | D:6      | Reached skill level 1 in Evocations
  6203 | D:7      | Found a staircase to the Ecumenical Temple.
  6215 | Temple   | Entered the Ecumenical Temple
  6259 | Temple   | Became a worshipper of Warmaster Okawaru
  6412 | D:7      | Noticed Joseph
  6422 | D:7      | Killed Joseph
  6422 | D:7      | Reached skill level 5 in Dodging
  6438 | D:7      | Got a faintly humming scale mail
  6500 | D:7      | Found Hoiraic's Jewellery Shop.
  6538 | D:7      | Identified the +5 scale mail of Complete Protection {+Inv rC++ Str-5 Slay+3} (You found it on level 7 of the Dungeon)
  6591 | D:7      | Reached * piety under Okawaru
  6861 | D:8      | Noticed a white ugly thing
  6884 | D:7      | Killed a white ugly thing
  6884 | D:7      | Reached skill level 1 in Invocations
  7142 | D:8      | Reached skill level 5 in Throwing
  7142 | D:8      | Reached XP level 10. HP: 85/86 MP: 9/11
  7183 | D:8      | Reached ** piety under Okawaru
  7768 | D:8      | Noticed a death knight
  7828 | D:8      | Killed a death knight
  7828 | D:8      | Reached *** piety under Okawaru
  8252 | D:8      | Noticed a manticore
  8263 | D:8      | Killed a manticore
  8263 | D:8      | Reached **** piety under Okawaru
  8526 | D:9      | Received a gift from Okawaru
  8666 | D:9      | Found Kaperr's Magic Scroll Shoppe.
  8680 | D:9      | Bought a scroll of remove curse for 42 gold pieces
  8680 | D:9      | Bought a scroll of identify for 28 gold pieces
  8680 | D:9      | Bought 3 scrolls of identify for 84 gold pieces
  8989 | D:9      | Reached XP level 11. HP: 87/94 MP: 12/12
  9141 | D:9      | Noticed a deep elf mage
  9148 | D:9      | Killed a deep elf mage
  9587 | D:10     | Entered Level 10 of the Dungeon
  9610 | D:10     | Noticed a hill giant
  9618 | D:10     | Killed a hill giant
  9618 | D:10     | Reached skill level 10 in Maces & Flails
  9751 | D:10     | Noticed a hill giant
  9755 | D:10     | Killed a hill giant
  9964 | D:10     | Found a staircase to the Orcish Mines.
  9973 | D:10     | Reached ***** piety under Okawaru
 10029 | D:10     | Found a staircase to the Lair.
 10668 | D:10     | Noticed a hill giant
 10683 | D:10     | Killed a hill giant
 10957 | D:8      | Received a gift from Okawaru
 11132 | Lair:1   | Entered Level 1 of the Lair of Beasts
 11215 | Lair:1   | Noticed Torious's ghost (journeyman DECj)
 11236 | Lair:1   | Killed Torious's ghost
 11325 | Lair:1   | Reached skill level 5 in Evocations
 12142 | Lair:2   | Reached XP level 12. HP: 89/104 MP: 14/14
 12730 | Lair:2   | Noticed Erica
 12738 | Lair:2   | Reached skill level 5 in Invocations
 12744 | Lair:2   | Killed Erica
 12936 | Lair:2   | Noticed UnlimitedFusion's ghost (journeyman NaFi)
 12957 | Lair:2   | Killed UnlimitedFusion's ghost
 13429 | Lair:2   | Noticed an eight-headed hydra
 13436 | Lair:2   | Killed an eight-headed hydra
 13436 | Lair:2   | Received a gift from Okawaru
 14036 | Lair:3   | Noticed a four-headed hydra
 14041 | Lair:3   | Killed a four-headed hydra
 14101 | Lair:3   | Found a staircase to the Snake Pit.
 14226 | Lair:3   | Reached skill level 10 in Armour
 14482 | Lair:3   | Reached skill level 10 in Shields
 14593 | Lair:3   | Received a gift from Okawaru
 14600 | Lair:3   | Got a brightly glowing plate armour {god gift}
 14601 | Lair:3   | Identified the +0 plate armour of Negation {rCorr Int-2 Dex+6 Slay+3} (Okawaru gifted it to you on level 3 of the Lair of Beasts)
 14782 | Lair:3   | Reached skill level 10 in Fighting
 14910 | Lair:3   | Noticed Sonja
 15021 | Lair:3   | Killed Sonja
 15376 | Lair:4   | Found a staircase to the Shoals.
 15417 | Lair:4   | Reached XP level 13. HP: 92/113 MP: 12/16
 16545 | Lair:5   | Received a gift from Okawaru
 17448 | Lair:6   | Entered Level 6 of the Lair of Beasts
 17482 | Lair:6   | Found a staircase to the Slime Pits.
 17483 | Lair:6   | Found a viscous altar of Jiyva.
 18279 | Lair:6   | Noticed a dire elephant
 18307 | Lair:6   | Killed a dire elephant
 18411 | Lair:6   | Found a burning altar of Makhleb.
 18794 | Lair:6   | Reached XP level 14. HP: 124/124 MP: 18/18
 19108 | Lair:6   | Found a gateway to Hell.
 19377 | Orc:1    | Entered Level 1 of the Orcish Mines
 19562 | Orc:1    | Found a roughly hewn altar of Beogh.
 20210 | Orc:1    | Reached ****** piety under Okawaru
 20388 | Orc:1    | Paralysed by an orc sorcerer for 7 turns
 20400 | Orc:1    | Reached skill level 10 in Dodging
 20988 | Orc:1    | Received a gift from Okawaru
 21148 | Orc:2    | Entered Level 2 of the Orcish Mines
 21148 | Orc:2    | Found a staircase to the Elven Halls.
 21187 | Orc:2    | Noticed a stone giant
 21197 | Orc:2    | Noticed an orc warlord
 21213 | Orc:2    | Killed a stone giant
 21240 | Orc:1    | Killed an orc warlord
 21824 | Orc:1    | Received a gift from Okawaru
 21878 | Orc:2    | Noticed an orc warlord
 22020 | Orc:2    | Found Ygroemoq's Jewellery Emporium.
 22789 | Orc:2    | Found Hyarymm's Antique Weapon Emporium.
 22977 | Orc:2    | Paralysed by an orc sorcerer for 2 turns
 23024 | Orc:2    | Killed an orc warlord
 23219 | Orc:2    | Found Uhoo's Antique Armour Boutique.
 23481 | Orc:2    | Found Noapn's General Store.
 23493 | Orc:2    | Bought a scroll of identify for 28 gold pieces
 23493 | Orc:2    | Bought a scroll of identify for 28 gold pieces
 23981 | D:11     | Received a gift from Okawaru
 24526 | D:11     | Got a heavily runed leather armour
 25024 | D:12     | Noticed Snorg
 25039 | D:12     | Killed Snorg
 25039 | D:12     | Reached skill level 10 in Throwing
 25430 | D:12     | Reached XP level 15. HP: 109/132 MP: 16/20
 25655 | D:12     | Got a vibrating bronze ring
 25656 | D:12     | Identified the ring "Ulaa" {MR+ Stlth+} (You found it on level 12 of the Dungeon)
 26039 | Lair:2   | Identified the +3 leather armour of Henotheism {rF- MR+ Int+8} (You found it on level 11 of the Dungeon)
 26305 | D:13     | Received a gift from Okawaru
 26722 | D:13     | Got a bound ivory ring
 26723 | D:13     | Identified the ring "Vinikius" {+Inv rElec Int-4 Dex-3 SInv} (You found it on level 13 of the Dungeon)
 26822 | D:13     | Noticed Josephine
 26832 | D:13     | Killed Josephine
 27592 | D:14     | Found a labyrinth entrance.
 27730 | D:14     | Found a gate to the Vaults.
 27827 | D:14     | Received a gift from Okawaru
 28097 | D:14     | Received a gift from Okawaru
 28109 | D:14     | Got a pair of ichor-stained gloves {god gift}
 28110 | D:14     | Identified the +0 pair of gloves "Olaettow" {rPois rC+ Slay-5} (Okawaru gifted it to you on level 14 of the Dungeon)
 29451 | D:14     | Noticed a sphinx
 29488 | D:14     | Killed a sphinx
 30053 | Lair:2   | Upgraded the game from 0.19-a0-1882-gbb73ea0 to 0.19-a0-1886-gd64a0f0
 30631 | Orc:1    | Noticed a fire giant
 30647 | Orc:1    | Killed a fire giant
 30681 | Orc:1    | Got a twisted scimitar
 30716 | Orc:1    | Got a pitted lapis lazuli ring
 30829 | Orc:2    | Received a gift from Okawaru
 31039 | D:7      | Bought the ring of Shaolin {EV+8} for 1536 gold pieces
 31039 | D:7      | Bought the amulet "Quilit" {rN+ Regen+} for 494 gold pieces
 31039 | D:7      | Bought the ring "Enwupsodgh" {rElec rPois Str-5 Int+5 Stlth+} for 441 gold pieces
 31229 | Lair:2   | Identified the ring of Hard Scrabble {Fire +Inv} (You took it off an orc on level 1 of the Orcish Mines)
 31820 | Elf:1    | Entered Level 1 of the Elven Halls
 31904 | Elf:1    | Reached XP level 16. HP: 139/141 MP: 21/21
 32032 | Elf:1    | Received a gift from Okawaru
 32442 | Elf:1    | Received a gift from Okawaru
 33569 | D:15     | Entered Level 15 of the Dungeon
 33576 | D:15     | Noticed Rupert
 33578 | D:15     | Paralysed by Rupert for 2 turns
 33585 | D:15     | Killed Rupert
 34924 | D:15     | Received a gift from Okawaru
 34961 | D:15     | Found a staircase to the Depths.
 35423 | Shoals:1 | Entered Level 1 of the Shoals
 35439 | Lair:4   | Received a gift from Okawaru
 35630 | Shoals:1 | Received a gift from Okawaru
 35846 | Shoals:1 | Received a gift from Okawaru
 36156 | Shoals:1 | Noticed Nikola
 36169 | Shoals:1 | Killed Nikola
 36207 | Shoals:1 | Received a gift from Okawaru
 36487 | Shoals:1 | Found a hide-covered altar of Uskayaw.
 36942 | Elf:2    | Received a gift from Okawaru
 37065 | Elf:2    | Reached skill level 10 in Evocations
 37065 | Elf:2    | Reached XP level 17. HP: 123/151 MP: 21/23
 37434 | Elf:2    | Received a gift from Okawaru
 37767 | Elf:2    | Found a huge runed gate.
 37767 | Elf:2    | Found a huge runed gate.
 37767 | Elf:2    | Found a huge runed gate.
 37768 | Elf:2    | Found a huge runed gate.
 37770 | Elf:2    | Found a huge runed gate.
 37788 | Elf:2    | Received a gift from Okawaru
 37967 | Elf:2    | Received a gift from Okawaru
 38422 | Elf:2    | Reached skill level 15 in Maces & Flails
 38642 | Elf:3    | Entered Level 3 of the Elven Halls
 38849 | Elf:3    | Received a gift from Okawaru
 39062 | Elf:3    | Reached skill level 15 in Shields
 39077 | Elf:3    | Received a gift from Okawaru
 39205 | Elf:3    | Found Gasmeodo's Magic Scroll Boutique.
 39211 | Elf:3    | Bought a scroll of identify for 32 gold pieces
 39211 | Elf:3    | Bought a scroll of identify for 32 gold pieces
 39211 | Elf:3    | Bought a scroll of magic mapping for 56 gold pieces
 39843 | Snake:1  | Entered Level 1 of the Snake Pit
 40089 | Snake:1  | Received a gift from Okawaru
 40316 | Snake:1  | Reached XP level 18. HP: 147/161 MP: 23/25
 40499 | Snake:1  | Found a shadowy altar of Dithmenos.
 40578 | Snake:1  | Found Qyll's Gadget Shoppe.
 40578 | Snake:1  | Found Qetihest's Jewellery Boutique.
 40579 | Snake:1  | Found Okinudd's Gadget Shoppe.
 41460 | Snake:3  | Reached skill level 15 in Armour
 41985 | Snake:3  | Received a gift from Okawaru
 42399 | Snake:4  | Entered Level 4 of the Snake Pit
 42399 | Snake:4  | Found Zattium's Magic Scroll Shoppe.
 42418 | Snake:4  | Received a gift from Okawaru
 42456 | Snake:4  | Bought a scroll of identify for 30 gold pieces
 42456 | Snake:4  | Bought a scroll of identify for 30 gold pieces
 42456 | Snake:4  | Bought a scroll of identify for 30 gold pieces
 42565 | Snake:4  | Received a gift from Okawaru
 43632 | Snake:4  | Reached skill level 15 in Fighting
 43739 | Snake:4  | Received a gift from Okawaru
 43975 | Snake:4  | Reached XP level 19. HP: 170/170 MP: 26/26
 44460 | Snake:4  | Got a serpentine rune of Zot
 44539 | Snake:4  | Received a gift from Okawaru
 45140 | Elf:3    | Found Meusadwo's Armour Emporium.
 45234 | Elf:3    | Received a gift from Okawaru
 45496 | Elf:3    | Received a gift from Okawaru
 45626 | Elf:3    | Received a gift from Okawaru
 45807 | Elf:3    | Got a coiled tin ring
 45838 | Elf:3    | Identified the ring "Xasuhae" {rPois rF+ rN++ Int-2 Dex+4} (You took it off a deep elf mage on level 3 of the Elven Halls)
 45865 | Elf:3    | Received a gift from Okawaru
 45952 | Elf:3    | Got a transparent plate armour
 46054 | Elf:3    | Identified the +9 plate armour "Rimu Hat" {MR+} (You took it off a deep elf master archer on level 3 of the Elven Halls)
 46128 | Elf:3    | Got a brightly glowing mace {flame}
 46129 | Elf:3    | Identified the cursed +1 mace "Lucu" {flame, *Noise rElec rN+ Dex+4} (You took it off a deep elf annihilator on level 3 of the Elven Halls)
 46746 | Elf:1    | Noticed Donald
 46763 | Elf:1    | Killed Donald
 47325 | Elf:3    | Identified the Tome of the Glacial Oath
 48267 | Shoals:2 | Reached XP level 20. HP: 175/180 MP: 28/28
 48464 | Shoals:2 | Found Vajiden's Assorted Antiques.
 48535 | Shoals:2 | Bought a scroll of identify for 76 gold pieces
 48535 | Shoals:2 | Bought a scroll of identify for 76 gold pieces
 48535 | Shoals:2 | Bought a glowing hat for 380 gold pieces
 48982 | Shoals:3 | Received a gift from Okawaru
 49154 | Shoals:3 | Found Ceeh's Armour Shoppe.
 49410 | Shoals:3 | Identified a scroll of acquirement
 49546 | Shoals:4 | Entered Level 4 of the Shoals
 49580 | Shoals:4 | Reached skill level 15 in Dodging
 50300 | Shoals:4 | Noticed Ilsuiw
 50319 | Shoals:4 | Killed Ilsuiw
 50605 | Shoals:4 | Got a barnacled rune of Zot
 50981 | Vaults:1 | Entered Level 1 of the Vaults
 51115 | Vaults:1 | Found a ruined gateway.
 51133 | Desolati | Entered the Desolation of Salt
 51187 | Desolati | Got a jewelled battleaxe
 51189 | Desolati | Got a smoking glass ring
 51191 | Desolati | Got a sparkling turquoise ring
 51232 | Desolati | Identified the ring of Panentheism {rCorr Int+5 Dex-4} (You found it in the Desolation of Salt)
 51233 | Desolati | Identified the ring "Byak" {rPois rF+} (You found it in the Desolation of Salt)
 51521 | Desolati | Received a gift from Okawaru
 51706 | Desolati | Got a fine wooden ring
 51717 | Desolati | Identified the ring "Rohahyahei" {rN+ EV+1 Str+3} (You found it in the Desolation of Salt)
 51819 | Desolati | Received a gift from Okawaru
 51824 | Desolati | Got a brightly glowing hunting sling {god gift}
 51836 | Desolati | Reached XP level 21. HP: 190/190 MP: 29/29
 53640 | Vaults:1 | Found Sucoimao's Magic Scroll Shop.
 53749 | Vaults:1 | Received a gift from Okawaru
 53849 | Vaults:2 | Found Jokketom's Magic Scroll Shoppe.
 53868 | Vaults:2 | Bought a scroll of magic mapping for 42 gold pieces
 53868 | Vaults:2 | Bought a scroll of identify for 24 gold pieces
 53868 | Vaults:2 | Bought a scroll of identify for 24 gold pieces
 54065 | Vaults:2 | Received a gift from Okawaru
 54360 | Vaults:2 | Got a faintly glowing cloak
 54364 | Vaults:2 | Identified the cursed +0 cloak of Cocytus {rElec Str+4 Dex-4} (You found it on level 2 of the Vaults)
 54902 | Vaults:2 | Found Tehukoups's Weapon Emporium.
 54972 | Vaults:2 | Received a gift from Okawaru
 55964 | Vaults:3 | Received a gift from Okawaru
 56333 | Vaults:3 | Received a gift from Okawaru
 56333 | Vaults:3 | Reached skill level 15 in Throwing
 56475 | Vaults:3 | Reached XP level 22. HP: 200/200 MP: 31/31
 56572 | Vaults:3 | Reached XP level 23. HP: 206/206 MP: 30/32
 56725 | Vaults:3 | Found a staircase to the Crypt.
 57014 | Vaults:3 | Received a gift from Okawaru
 57691 | Vaults:4 | Found Xiod's General Store.
 57699 | Vaults:4 | Bought a potion of flight for 48 gold pieces
 59033 | Lair:2   | Upgraded the game from 0.19-a0-1886-gd64a0f0 to 0.19-a0-1908-g43c011f
 59280 | Depths:1 | Entered Level 1 of the Depths
 59387 | Depths:1 | Received a gift from Okawaru
 59388 | Depths:1 | Got a pair of scorched gloves {god gift}
 59420 | Depths:1 | Identified the +0 pair of gloves of Divine Compulsion {rPois rF- Int-3 Dex+8} (Okawaru gifted it to you on level 1 of the Depths)
 59433 | Depths:1 | Noticed Mara
 59434 | Depths:1 | Noticed mrath's illusion
 59461 | Depths:1 | Killed Mara
 59789 | Depths:1 | Found a one-way gate to the infinite horrors of the Abyss.
 60636 | Depths:2 | Noticed Nattefrost's ghost (veteran MiBe)
 60656 | Depths:2 | Killed Nattefrost's ghost
 60847 | Depths:2 | Noticed Bai Suzhen
 60892 | Depths:2 | Killed Bai Suzhen
 61469 | Depths:2 | Reached XP level 24. HP: 217/217 MP: 32/32
 62876 | Depths:3 | Got a pitted war axe {venom}
 63068 | Depths:3 | Received a gift from Okawaru
 63134 | Depths:3 | Found a huge runed gate.
 63134 | Depths:3 | Found a huge runed gate.
 63134 | Depths:3 | Found a huge runed gate.
 63134 | Depths:3 | Found a huge runed gate.
 63135 | Depths:3 | Found a huge runed gate.
 63136 | Depths:3 | Found a huge runed gate.
 63138 | Depths:3 | Found a huge runed gate.
 63143 | Depths:3 | Found a huge runed gate.
 63144 | Depths:3 | Found a huge runed gate.
 63144 | Depths:3 | Found a huge runed gate.
 63144 | Depths:3 | Found a huge runed gate.
 63145 | Depths:3 | Found a huge runed gate.
 63176 | Depths:3 | Found a huge runed gate.
 63176 | Depths:3 | Found a huge runed gate.
 63405 | Depths:3 | Identified the +7 war axe of Xetowk {venom, rPois rN++ Str-5} (You took it off a fire giant on level 3 of the Depths)
 64303 | Depths:3 | Found a huge runed gate.
 64303 | Depths:3 | Found a huge runed gate.
 64303 | Depths:3 | Found a huge runed gate.
 64303 | Depths:3 | Found a huge runed gate.
 64304 | Depths:3 | Found a huge runed gate.
 64304 | Depths:3 | Found a huge runed gate.
 64342 | Depths:3 | Found a one-way gate leading to the halls of Pandemonium.
 64373 | Depths:3 | Identified the Volume of Cold and Good Luck
 64411 | Depths:3 | Found a huge runed gate.
 64415 | Depths:3 | Found a huge runed gate.
 64415 | Depths:3 | Found a huge runed gate.
 64422 | Depths:3 | Found a huge runed gate.
 64423 | Depths:3 | Found a huge runed gate.
 64424 | Depths:3 | Found a huge runed gate.
 64506 | Depths:3 | Found a huge runed gate.
 64506 | Depths:3 | Found a huge runed gate.
 64506 | Depths:3 | Found a huge runed gate.
 64507 | Depths:3 | Found a huge runed gate.
 64530 | Depths:3 | Received a gift from Okawaru
 64693 | Depths:3 | Noticed a juggernaut
 64693 | Depths:3 | Noticed a juggernaut
 64730 | Depths:3 | Killed a juggernaut
 64744 | Depths:2 | Killed a juggernaut
 65409 | Depths:4 | Received a gift from Okawaru
 65459 | Depths:4 | Noticed a juggernaut
 65475 | Depths:4 | Killed a juggernaut
 65532 | Depths:4 | Found Reilill's Antique Weapon Shop.
 65612 | Depths:4 | Found Qigu's Assorted Antiques.
 65643 | Depths:4 | Identified Jaal's Tome of Evil Magic and Summoning
 65731 | Depths:4 | Gained mutation: Scrolls take you a little longer to read. [a neqoxec]
 66108 | Lair:2   | Upgraded the game from 0.19-a0-1908-g43c011f to 0.19-a0-1922-g1e9a4c1
 66481 | Orc:2    | Bought the +2 pair of boots of the Assassin {DetectMon Stab+ Stlth++} for 785 gold pieces
 66771 | Depths:2 | Received a gift from Okawaru
 66904 | Depths:4 | Reached skill level 15 in Evocations
 66957 | Depths:4 | Reached XP level 25. HP: 227/227 MP: 31/33
 67079 | Depths:4 | Noticed the Enchantress
 67107 | Depths:4 | Killed the Enchantress
 67130 | Depths:4 | Got faerie dragon scales
 67193 | Depths:4 | Found a gateway to a ziggurat.
 67665 | Depths:5 | Entered Level 5 of the Depths
 67914 | Depths:5 | Noticed a juggernaut
 67922 | Depths:5 | Killed a juggernaut
 68224 | Depths:5 | Noticed a juggernaut
 68275 | Depths:5 | Killed a juggernaut
 68275 | Depths:5 | Received a gift from Okawaru
 68602 | Depths:5 | Found a snail-covered altar of Cheibriados.
 68843 | Depths:5 | Identified the +3 faerie dragon scales {HP-4 Str-3 Int+7 Slay+5 Clar} (You took it off the Enchantress on level 4 of the Depths)
 68862 | Depths:5 | Found a gate to the Realm of Zot.
 69730 | Vaults:5 | Entered Level 5 of the Vaults
 69892 | Vaults:5 | Noticed Boris
 70245 | Vaults:4 | Killed Boris
 70411 | Vaults:5 | Reached XP level 26. HP: 175/238 MP: 33/33
 70429 | Vaults:4 | Received a gift from Okawaru
 70602 | Vaults:4 | Got a pitted hunting sling
 71303 | Vaults:5 | Received a gift from Okawaru
 71511 | Vaults:5 | Noticed an ancient lich
 71523 | Vaults:5 | Killed an ancient lich
 71523 | Vaults:5 | Received a gift from Okawaru
 71823 | Vaults:5 | Got a warped plate armour
 71826 | Vaults:5 | Identified the +4 plate armour "Hekot" {Str+4 Int+2} (You found it on level 5 of the Vaults)
 72234 | Vaults:5 | Identified the Catalogue of the Enthralling Glacier
 72241 | Vaults:5 | Got a silver rune of Zot
 72244 | Vaults:5 | Identified the Volume of Congealing Flames
 72246 | Vaults:5 | Identified the Disquisition on Bewitchment
 73313 | Hell     | Entered the Vestibule of Hell
 73313 | Hell     | Noticed Geryon
 73349 | Hell     | Killed Geryon
 73683 | Hell     | Received a gift from Okawaru
 73712 | Hell     | Got a dazzling chain mail {god gift}
 73761 | Hell     | Found a gateway to the ashen valley of Gehenna.
 73866 | Hell     | Found a gateway to the decaying netherworld of Tartarus.
 73972 | Hell     | Found a gateway to the freezing wastes of Cocytus.
 74052 | Hell     | Found a gateway to the Iron City of Dis.
 74156 | Hell     | Identified the +5 chain mail of Valour {rF+++ MR- Dex-4 SInv} (Okawaru gifted it to you in the Vestibule of Hell)
 75053 | Zot:1    | Entered Level 1 of the Realm of Zot
 75175 | Zot:1    | Reached XP level 27. HP: 227/250 MP: 32/34
 75650 | Zot:1    | Killed from afar by a titan

Vault maps used:
D:1:      dpeg_arrival_simpleton_b
D:3:      minmay_snake_closets, uniq_terence
D:4:      first_bread
D:5:      nicolae_ossuary_entry_giza
D:6:      uniq_grinder, uniq_eustachio, uniq_menkaure, uniq_duvessa
D:7:      serial_shops, shop, uniq_joseph
D:8:      cheibrodos_elevator_heist, minmay_the_grid_3x3
D:9:      serial_shops, shop_fountains
D:10:     david_lair_generic, orc_0_dummy, grunt_livestock
D:12:     hangedman_decor_diamond_cutter, kennysheep_generic_room_11, uniq_snorg
D:13:     serial_column_ruins, column_ruins_columns_corner, column_ruins_grid_1,
          column_ruins_open_tiny, column_ruins_columns_straight,
          column_ruins_grid_1, kennysheep_generic_room_12, uniq_josephine
D:14:     regret_index_bee_streams, erik_vaults_1, lab_entry_generic,
          minmay_misc_feat_alley
D:15:     grunt_enter_depths_magical_seal, hangedman_abyss_or_decor_slice,
          uniq_rupert
Temple:   kilobyte_greek_temple
Lair:1:   infiniplex_staircase_pool_2, lemuel_fruit_tree
Lair:2:   gammafunk_lair_bear_cave, uniq_erica
Lair:3:   guppyfry_snake_entry_island, uniq_sonja
Lair:4:   shoals_dummy_entry
Lair:5:   serial_bayou_lagoon_a, grunt_megastairs_1, serial_bayou_shore_b,
          serial_bayou_shore_b
Lair:6:   evil_forest, slime_altar_1, pond
Shoals:1: regret_index_shoals_crete, uniq_nikola
Shoals:2: serial_shops, shop
Shoals:3: nicolae_shoals_c_island
Shoals:4: shoals_end_grunt_garden, shoals_ilsuiw_alternative
Snake:1:  basic_altar, minmay_shop_grove
Snake:2:  serial_bayou_pond_a
Snake:4:  johnstein_snake_rune_scales, serial_shops, shop_statue
Orc:1:    giant_chief_lemuel, mines1_david
Orc:2:    grunt_orc_gardens, grunt_orc_garden, grunt_orc_garden,
          grunt_orc_garden, grunt_orc_garden
Elf:1:    elf_arrival_001, evilmike_minifort, uniq_donald
Elf:3:    minmay_elf_hall_x, serial_corexii_hall, corexii_hall_statues_l,
          corexii_hall_statues_x, corexii_hall_statues_x,
          corexii_hall_statues_i, serial_shops, nicolae_shop_crystal, shop
Vaults:1: v_rooms_5, vaults_dpeg_ring, v_misc_13, v_misc_26,
          nicolae_vaults_lopsided_apartments, vaults_mumra_hexcomb, v_pattern_2,
          nicolae_vaults_yaktaur_gun_rack, vaults_mumra_hex,
          vaults_dpeg_diagonal, portal_desolation_entry_ruin, serial_shops, shop
Vaults:2: vaults_room_pools, nicolae_vaults_gold_heap,
          ontoclasm_vaults_decontamination, hangedman_vaults_hat, v_misc_26,
          hangedman_vaults_variations, nicolae_vaults_what_the_h,
          nicolae_vaults_back_hallway, v_misc_27, serial_shops, shop,
          nicolae_shop_waterfront
Vaults:3: ontoclasm_vaults_fault, minmay_crypt_entry_simple_corners,
          vaults_room_corners, v_rooms_4, nicolae_vaults_network_star,
          ontoclasm_vaults_shout, nicolae_vaults_border_crossing,
          v_alt_pattern_6
Vaults:4: v_misc_12, hangedman_vaults_snaps, v_misc_19, v_rooms_4, st_diamondy,
          nicolae_vaults_little_squares_2, v_misc_15, ontoclasm_vaults_chip,
          ontoclasm_vaults_chip, v_alt_pattern_1, serial_shops, shop
Vaults:5: serial_shops, uniq_boris
Depths:1: abyss_entry_small_statue_room, serial_co_window_serial,
          co_window_paths_b, co_window_paths_b, co_window_of_opportunity_a,
          co_window_corner_a, co_window_paths_a, co_window_paths_c,
          co_window_corner_b, co_window_of_opportunity_b, co_window_broadway_b,
          co_window_of_opportunity_b, co_window_broadway_b, co_window_paths_e,
          grunt_hell_horde, minmay_misc_feat_hallway, grunt_ministairs_11,
          kilobyte_mutagenic_chamber, uniq_mara
Depths:2: minmay_glassy_protrusions, abyss_entry, serial_sigils,
          serial_sigils_hangedman_gut, serial_sigils_hangedman_writhe,
          serial_sigils_hangedman_scratch, serial_sigils_hangedman_gut,
          serial_sigils_hangedman_gnaw, serial_sigils_hangedman_scar,
          hangedman_tar_grid_catacomb, uniq_bai_suzhen
Depths:3: minmay_tri_box, grunt_pan_entry_spiral, hell_entry,
          grunt_ministairs_4, nrook_loot_triangle, door_vault,
          serial_bayou_shore_a
Depths:4: minmay_diamond_stairs, enter_ziggurat_d, serial_shops, shop_statue,
          nicolae_shop_overgrown_old_shop, pf_vacation_house_of_asmodeus,
          rand_demon_pan_entry_7, marbit_kobold_abyss_entry,
          minmay_misc_feat_more_columns, minmay_staircase_windowed_small,
          uniq_enchantress
Depths:5: evilmike_zot_entry_gauntlet, hell_entry, abyss_entry,
          kennysheep_flooded_box
Zot:1:    minmay_elemental_castle, st_stairs_9
Ossuary:  ossuary_tomb_1

Skill      XL: |  1  2  3  4  5  6  7  8  9 10 11 12 13 14 15 16 17 18 19 20 21 22 23 24 25 26 27 |
---------------+----------------------------------------------------------------------------------+-----
Maces & Flails | 3 4 5 6 7 8 9 10 11 12 13 14 15 16 17 18 19 20 21 | 21.9
Fighting       | 4 5 6 7 8 9 10 11 12 13 14 15 16 17 18 19 21 | 21.4
Throwing       | 1 2 3 5 7 8 9 10 11 12 13 14 15 16 17 18 | 18.2
Dodging        | 1 3 4 5 6 8 9 10 11 12 13 14 15 16 17 18 19 | 19.3
Shields        | 4 5 6 7 8 9 10 11 12 13 14 15 16 17 18 19 20 21 | 21.1
Armour         | 4 5 6 7 8 9 10 11 12 13 14 15 16 17 18 19 20 21 | 21.0
Evocations     | 2 3 5 6 7 9 10 11 12 13 14 15 16 | 16.3
Invocations    | 1 3 4 6 7 8 |  8.3

Action                   |  1- 3 |  4- 6 |  7- 9 | 10-12 | 13-15 | 16-18 | 19-21 | 22-24 | 25-27 || total
-------------------------+-------+-------+-------+-------+-------+-------+-------+-------+-------++-------
Melee: Flail             |    85 |   166 |       |       |       |       |       |       |       ||   251
       Headbutt          |    11 |    27 |    93 |   165 |   424 |   346 |   390 |   264 |   409 ||  2129
       Mace              |       |    32 |   388 |   656 |  1522 |   502 |       |       |       ||  3100
       Unarmed           |       |       |     2 |       |       |       |       |       |       ||     2
       Broad axe         |       |       |       |       |    54 |       |       |       |       ||    54
       Morningstar       |       |       |       |       |       |   959 |  1414 |   874 |  1261 ||  4508
       Demon whip        |       |       |       |       |       |       |    33 |       |       ||    33
Throw: Stone             |     3 |     4 |     7 |       |       |       |       |       |       ||    14
       Tomahawk          |       |       |     8 |       |    46 |     1 |     4 |       |       ||    59
       Javelin           |       |       |       |    34 |   107 |    90 |   245 |   437 |    98 ||  1011
       Throwing net      |       |       |       |       |     1 |     1 |       |       |       ||     2
Invok: Heroism           |       |       |       |    13 |    26 |    23 |    34 |    19 |    23 ||   138
       Finesse           |       |       |       |     3 |    10 |    10 |     8 |     7 |     7 ||    45
 Abil: Evoke Flight      |       |       |       |       |       |       |     2 |       |     2 ||     4
Evoke: Box of beasts     |       |       |       |       |       |       |     1 |       |     3 ||     4
       Wand              |       |       |       |       |       |       |       |     2 |     2 ||     4
  Use: Scroll            |       |       |     4 |     8 |    23 |     9 |    16 |     3 |     4 ||    67
       Potion            |       |       |     2 |     1 |     1 |     6 |     1 |     3 |     3 ||    17
 Stab: Distracted        |       |       |       |       |     1 |       |     1 |       |     1 ||     3
  Eat: Chunk             |     2 |     8 |    10 |    26 |    39 |    32 |    30 |    14 |    17 ||   178
       Beef jerky        |       |       |       |     1 |       |     3 |     2 |       |       ||     6
       Royal jelly       |       |       |       |       |     1 |       |     1 |       |       ||     2
       Meat ration       |       |       |       |       |     2 |       |       |     4 |     1 ||     7
       Bread ration      |       |       |       |       |     1 |       |     1 |       |     1 ||     3
       Fruit             |       |       |       |       |       |     1 |       |     1 |     1 ||     3
       Pizza             |       |       |       |       |       |       |     1 |       |       ||     1
Armor: Scale mail        |    33 |    50 |    16 |   247 |   362 |    31 |       |       |       ||   739
       Chain mail        |       |    38 |   146 |       |       |   193 |    13 |       |       ||   390
       Plate armour      |       |       |       |       |    23 |    55 |   290 |   157 |   311 ||   836
Dodge: Dodged            |    24 |    40 |    98 |   221 |   683 |   728 |   709 |   430 |   815 ||  3748
Block: Shield            |    55 |    90 |   173 |   356 |   871 |       |   972 |   562 |       ||  3079
       Large shield      |       |       |       |       |    24 |  1483 |   253 |    10 |  1678 ||  3448
       Reflection        |       |       |       |       |       |       |   129 |    72 |    70 ||   271
